 Dungeon Crawl Stone Soup version 0.25-a0-1119-g28b6fd0c3b (webtiles) character file.

Game seed: 11186754620432156978, levelgen mode: deterministic

246 Maedhros the Sneak (level 6, 0/38 HPs)
             Began as an Octopode Artificer on May 18, 2020.
             Killed themself with a badly aimed iceblast (21 damage)
             ... on level 5 of the Dungeon.
             The game lasted 00:06:01 (845 turns).

Maedhros the Sneak (Octopode Artificer)              Turns: 845, Time: 00:06:01

Health: 0/38       AC:  2    Str: 12    XL:     6   Next: 11%
Magic:  8/8        EV:  7    Int: 13    God:
Gold:   110        SH:  0    Dex: 14    Spells: 5/5 levels left

rFire    + . .     SeeInvis .   a - +1 short sword (freeze)
rCold    x . .     Gourm    .   (no shield)
rNeg     . . .     Faith    .   (helmet restricted)
rPois    .         Spirit   .   (no amulet)
rElec    .         Reflect  .   m - ring of fire
rCorr    .         Harm     .   (no ring)
MR       .....                  (no ring)
Stlth    ++++......             (no ring)
HPRegen  0.12/turn              (no ring)
MPRegen  0.11/turn              (no ring)
                                (no ring)
                                (no ring)

@: held
A: almost no armour, stealthy swim, amphibious, 8 rings, constrict 8, camouflage
1, shaggy fur 1, gelatinous body 1
a: no special abilities


You were on level 5 of the Dungeon.
You were not hungry.

You visited 1 branch of the dungeon, and saw 5 of its levels.

You collected 110 gold pieces.

Inventory:

Hand Weapons
 a - a +1 short sword of freezing (weapon)
 n - a +0 bardiche
Missiles
 j - 28 poisoned darts (quivered)
Magical Staves
 h - an uncursed staff of air
Jewellery
 m - a ring of fire (left tentacle)
Wands
 b - a wand of flame (10)
 c - a wand of enslavement (8)
 d - a wand of random effects (11)
Scrolls
 e - a scroll of random uselessness {unknown}
 i - a scroll of remove curse {unknown}
 k - a scroll of immolation {unknown}
 l - a scroll of magic mapping
 p - 2 scrolls of teleportation {unknown}
 q - 2 scrolls of fear {unknown}
 t - a scroll of holy word {unknown}
Potions
 g - a potion of curing
 o - a potion of heal wounds
 r - a potion of resistance {unknown}
 s - a potion of stabbing {unknown}
Comestibles
 f - 3 rations


   Skills:
 - Level 1.0 Fighting
 - Level 1.0 Short Blades
 - Level 2.0 Dodging
 - Level 6.4 Stealth
 + Level 3.6 Unarmed Combat
 - Level 3.2 Evocations


You had 5 spell levels left.
You didn't know any spells.
Your spell library was empty.

Dungeon Overview and Level Annotations

Branches:
Dungeon (5/15)
 Temple: D:4-7

Altars:
Hepliaklqana
Ru
Wu Jian
Zin

Shops:
D:4 =   D:5 *


Innate Abilities, Weirdness & Mutations

You cannot wear most types of armour.
You are very stealthy in the water. (Stealth+)
You are amphibious.
You can wear up to eight rings at the same time.
You can use your tentacles to constrict eight enemies at once.
Your skin changes colour to match your surroundings (Stealth+).
Your rubbery body absorbs attacks. (AC +1, EV +1)
You are covered in fur. (AC +1)


Message History

You hit the gnoll. You freeze the gnoll.
You kill the gnoll!
The gnoll throws a throwing net.
The throwing net hits you.
You become entangled in the net!
Evoke which item? (* to show all) (? for menu, Esc to quit)
Aiming: Random Effects
Press: ? - help, Shift-Dir - straight line, f - gnoll
Aim: a gnoll (severely wounded)
The puff of frost misses the gnoll.
The puff of frost hits the gnoll.
The gnoll is moderately wounded.
Okay, then.
Evoke which item? (* to show all) (? for menu, Esc to quit)
Aiming: Random Effects
Press: ? - help, Shift-Dir - straight line, f - gnoll
Aim: a gnoll (severely wounded)
The mass of ice explodes!
The iceblast engulfs the gnoll!!
You kill the gnoll!
The iceblast engulfs you!!
You feel a painful chill!
Ouch! That really hurt!
You die...

#...# ##....
#...####
#.....
#......##
#......
##......###
#......
#..).....#
#......
#..#.....#
#......
#..#.....#
#...... #
#..##...##
##.....
###.##@######
###...
#...##)# ##..
#....#g## ###
#...)...# #
#.......# .
#.......#
##......#
#......#
#...#..#


You could see a gnoll.

Vanquished Creatures
  An ogre (D:5)
  A crimson imp (D:5)
  An orc wizard (D:4)
  An orc priest (D:4)
  An iguana (D:4)
  3 gnolls (D:5)
  An adder skeleton (D:4)
  An orc (D:5)
  A giant cockroach (D:4)
  A jackal (D:3)
  3 kobolds (D:3)
  A leopard gecko skeleton (D:4)
16 creatures vanquished.

Vanquished Creatures (collateral kills)
  A worker ant (D:5)
  An adder (D:4)
  2 leopard geckos (D:4)
  3 orcs (D:4)
7 creatures vanquished.

Vanquished Creatures (others)
  A worker ant (D:5)
  A leopard gecko (D:4)
2 creatures vanquished.

Grand Total: 25 creatures vanquished

Notes
Turn   | Place    | Note
-------+----------+-------------------------------------------
     0 | D:1      | Maedhros the Octopode Artificer began the quest for the
                  | Orb.
     0 | D:1      | Reached XP level 1. HP: 13/13 MP: 3/3
   127 | D:3      | Reached skill level 2 in Stealth
   189 | D:4      | Noticed an iguana
   209 | D:4      | Noticed an orc wizard
   209 | D:4      | Noticed an orc priest
   213 | D:4      | Killed an iguana
   213 | D:4      | Reached skill level 4 in Stealth
   213 | D:4      | Reached XP level 2. HP: 7/18 MP: 4/4
   213 | D:4      | Reached XP level 3. HP: 9/23 MP: 5/5
   215 | D:4      | Gained mutation: Your spells are a little easier to cast,
                  | but a little less powerful. [potion of mutation]
   215 | D:4      | Lost mutation: Your spells are a little easier to cast, but
                  | a little less powerful. [potion of mutation]
   215 | D:4      | Gained mutation: You are covered in fur. (AC +1) [potion of
                  | mutation]
   266 | D:4      | Reached skill level 5 in Stealth
   269 | D:4      | Reached skill level 6 in Stealth
   269 | D:4      | Reached XP level 4. HP: 11/28 MP: 6/6
   282 | D:5      | Entered Level 5 of the Dungeon
   324 | D:5      | Found an ornate altar of the Wu Jian Council.
   370 | D:5      | Found Zin's Purification Station.
   374 | D:5      | Found a glowing silver altar of Zin.
   500 | D:4      | Found a hazy altar of Hepliaklqana.
   511 | D:4      | Found Jiosicul's Jewellery Boutique.
   643 | D:4      | Found a sacrificial altar of Ru.
   711 | D:5      | Noticed an ogre
   747 | D:5      | Killed an ogre
   747 | D:5      | Reached XP level 5. HP: 17/33 MP: 7/7
   834 | D:5      | Reached XP level 6. HP: 30/38 MP: 8/8
   845 | D:5      | Killed themself with a badly aimed iceblast

Illustrated notes

Levels and vault maps discovered:
D:1:      minmay_arrival_four_loops, layout_basic
D:2:      layout_loops_corners, uniq_sigmund, uniq_terence
D:3:      layout_basic, bloody_makhleb
D:4:      layout_cave_pools, marbit_many_paths, lemuel_crystal_altar,
          serial_shops, kennysheep_mini_moat
D:5:      layout_cave_pods, lemuel_crystal_altar, zin_purify, first_ration

Skill      XL: |  1  2  3  4  5 |
---------------+----------------+-----
Stealth        | 4 6 |  6.4
Unarmed Combat | 2 3 |  3.6
Fighting       | |  1.0
Short Blades   | |  1.0
Dodging        | |  2.0
Evocations     | |  3.2

Action                   |  1- 3 |  4- 6 || total
-------------------------+-------+-------++-------
Melee: Short sword       |     5 |    16 ||    21
       Constrict         |     2 |     4 ||     6
       Tentacles         |       |     3 ||     3
Throw: Dart              |     7 |       ||     7
Evoke: Wand              |    11 |     5 ||    16
  Use: Potion            |     2 |       ||     2
       Scroll            |     1 |     1 ||     2
 Stab: Sleeping          |     1 |     2 ||     3
       Paralysed         |       |     2 ||     2
Dodge: Dodged            |     9 |     7 ||    16

Table legend:
 A = Non-vault XP
 B = Vault XP
 C = Vault XP percentage of total XP
 D = Non-vault monster count
 E = Vault monster count
 F = Vault count percentage of total count
                 A         B        C        D         E       F
            +---------+---------+-------+---------+---------+-------
      Total |     351 |       1 |   0.3 |      22 |       1 |   4.3
            +---------+---------+-------+---------+---------+-------
        D:3 |       6 |       0 |   0.0 |       4 |       0 |   0.0
        D:4 |     119 |       1 |   0.8 |      11 |       1 |   8.3
        D:5 |     226 |       0 |   0.0 |       7 |       0 |   0.0
            +---------+---------+-------+---------+---------+-------
